 Dungeon Crawl Stone Soup version 0.23.1 (webtiles) character file.

Game seed: 12203669918230024333

4634 Fang the Fighter (level 10, -13/99 HPs)
             Began as a Gargoyle Berserker on Mar 6, 2019.
             Was an Elder of Trog.
             Mangled by a death yak (20 damage)
             ... on level 8 of the Dungeon.
             The game lasted 00:10:14 (8026 turns).

Fang the Fighter (Gargoyle Berserker)               Turns: 8026, Time: 00:10:15

Health: -13/99     AC: 21    Str: 29    XL:     10   Next: 43%
Magic:  10/10      EV: 10    Int: 12    God:    Trog [****..]
Gold:   528        SH:  0    Dex:  9    Spells: 9/9 levels left

rFire    . . .     SeeInvis .   g - +1 war axe
rCold    . . .     Gourm    .   (no shield)
rNeg     + . .     Faith    .   q - +0 plate armour
rPois    ∞         Spirit   .   (no helmet)
rElec    +         Reflect  .   (no cloak)
rCorr    .         Harm     .   (no gloves)
MR       .....                  (no boots)
Stlth    ..........             (no amulet)
HPRegen  0.26/turn              u - +4 ring of intelligence
MPRegen  0.12/turn              (no ring)

@: berserking (expiring), very quick
A: negative energy resistance 1, electricity resistance, unbreathing,
petrification resistance, rot immunity, AC +7
a: Berserk, Trog's Hand, Brothers in Arms, Renounce Religion


You were on level 8 of the Dungeon.
You worshipped Trog.
Trog was greatly pleased with you.
You were near starving.

You visited 2 branches of the dungeon, and saw 9 of its levels.
You also visited: Ossuary.

You collected 528 gold pieces.

Inventory:

Hand Weapons
 g - a +1 war axe (weapon)
Armour
 q - a +0 plate armour (worn)
Jewellery
 u - a +4 ring of intelligence (left hand)
Wands
 f - a wand of clouds (5)
 j - a wand of polymorph (12)
 n - a wand of enslavement (8)
 o - a wand of disintegration (16)
 s - a wand of flame (9)
 w - a wand of random effects (9)
Scrolls
 h - 2 scrolls of teleportation
 i - 4 scrolls of identify
 m - 2 scrolls of remove curse
 r - 3 scrolls of magic mapping
 x - a scroll of enchant armour {unknown}
Potions
 b - 3 potions of lignification
 d - a potion of magic
 e - 3 potions of haste
 k - a potion of ambrosia
 l - 2 potions of agility
 p - 2 potions of cancellation
 t - a potion of berserk rage {unknown}
Comestibles
 c - 6 rations
 v - 7 chunks of flesh


   Skills:
 + Level 9.0 Fighting
 + Level 7.4 Axes
 + Level 8.4 Armour
 + Level 6.4 Dodging


You had 9 spell levels left.
You didn't know any spells.
Your spell library was empty.

Dungeon Overview and Level Annotations

Branches:
Dungeon (8/15)             Temple (1/1) D:7
   Lair: D:8-11

Altars:
Ashenzari
Cheibriados
Kikubaaqudgha
Makhleb
Nemelex Xobeh
Okawaru
Ru
Trog
Uskayaw
Vehumet
Wu Jian

Shops:
D:8 (


Innate Abilities, Weirdness & Mutations

You are resistant to torment.
Your stone body is resilient. (AC +7)
You are immune to poison.
You resist negative energy. (rN+)
You are resistant to electric shocks. (rElec)
You can survive without breathing.
You are immune to petrification.
You are immune to rotting.


Message History

You slash the porcupine!
You kill the porcupine!
Trog accepts your kill.
Your Fighting skill increases to level 9!
The death yak gores you!
* * * LOW HITPOINT WARNING * * *
Things that are here:
a porcupine corpse; a death yak corpse You slice the death yak!!
The death yak is moderately wounded.
You slash the death yak!
The death yak is heavily wounded.
The death yak gores you but does no damage.
You completely miss the death yak.
The death yak is moderately wounded.
The death yak barely misses you.
You hit the death yak.
The death yak is heavily wounded.
The death yak gores you!!
You die... #.... ... ...). .. ....o. #..#F .rF

#r# #r# #Y#
#@# #.# #.#
#.# #.# #.#
#.# #.###
#.##########
#...#
#.##........
###.#
#.##.#####..


You could see a death yak, a bullfrog, a hell rat and 2 river rats.

Vanquished Creatures
  A death yak (D:8)
  Pikel (D:4)
  Grinder (D:2)
  Sigmund (D:2)
  A wyvern (D:8)
  A hungry ghost (D:8)
  Edmund (D:4)
  2 water moccasins (D:7)
  A porcupine (D:8)
  3 orc warriors (D:7)
  2 sky beasts
  A phantom (D:7)
  2 slaves (D:4)
  A centaur (D:8)
  2 big kobolds (D:7)
  3 bullfrogs
  2 elf zombies (Ossuary)
  A scorpion (D:4)
  3 crimson imps
  2 jellies
  A human zombie (Ossuary)
  3 hounds
  A bullfrog skeleton (D:7)
  6 orc priests
  A centaur skeleton (D:8)
  3 iguanas
  Terence (D:2)
  Natasha (D:4)
  A hell rat (D:8)
  4 orc wizards
  3 worker ants
  A big kobold zombie (Ossuary)
  A hound zombie (D:5)
  3 mummies
  A hound skeleton (D:5)
  3 gnolls (D:5)
  5 adders
  3 shadow imps
  2 oozes
  An adder skeleton (D:8)
  A worm (D:2)
  4 dart slugs
  4 leopard geckos
  29 orcs
  7 bats
  2 giant cockroaches (D:1)
  4 gnoll zombies (Ossuary)
  9 goblins
  5 hobgoblins
  10 jackals
  15 kobolds
  6 quokkas
  2 ball pythons (D:1)
  5 frilled lizards
  2 hobgoblin zombies (Ossuary)
  A jackal skeleton (D:4)
  2 leopard gecko skeletons (D:5)
  4 orc zombies (Ossuary)
  4 rats
193 creatures vanquished.

Vanquished Creatures (collateral kills)
  A death yak (D:8)
  A quokka (D:8)
2 creatures vanquished.

Vanquished Creatures (others)
  2 orc priests (D:4)
  An ooze (D:3)
3 creatures vanquished.

Grand Total: 198 creatures vanquished

Notes
Turn   | Place    | Note
-------+----------+-------------------------------------------
     0 | D:1      | Fang the Gargoyle Berserker began the quest for the Orb.
     0 | D:1      | Reached XP level 1. HP: 14/14 MP: 1/1
    59 | D:1      | Reached XP level 2. HP: 15/19 MP: 2/2
    92 | D:1      | You fall through a shaft!
   184 | D:2      | Noticed Sigmund
   308 | D:2      | Killed Sigmund
   308 | D:2      | Reached skill level 4 in Fighting
   308 | D:2      | Reached XP level 3. HP: 24/24 MP: 3/3
   308 | D:2      | Reached XP level 4. HP: 30/30 MP: 4/4
   308 | D:2      | Reached XP level 5. HP: 34/34 MP: 5/5
   643 | D:2      | Found a hide-covered altar of Uskayaw.
   655 | D:2      | Noticed Terence
   675 | D:2      | Killed Terence
  1217 | D:2      | Found a bloodstained altar of Trog.
  1217 | D:2      | Found a faded altar of an unknown god.
  1222 | D:2      | Found a faded altar of an unknown god.
  1224 | D:2      | Found a sacrificial altar of Ru.
  1226 | D:2      | Found a sparkling altar of Nemelex Xobeh.
  1479 | D:1      | Reached XP level 6. HP: 39/39 MP: 6/6
  1622 | D:1      | Reached ** piety under Trog
  2145 | D:3      | Found a radiant altar of Vehumet.
  2148 | D:3      | Noticed Grinder
  2203 | D:3      | Paralysed by Grinder for 4 turns
  2497 | D:2      | Killed Grinder
  2497 | D:2      | Reached skill level 5 in Fighting
  2497 | D:2      | Reached XP level 7. HP: 39/44 MP: 7/7
  2987 | D:3      | Found a snail-covered altar of Cheibriados.
  3223 | D:4      | Noticed Edmund
  3288 | D:4      | Killed Edmund
  3475 | D:4      | Found a sand-covered staircase.
  3508 | Ossuary  | Entered an ossuary
  3553 | Ossuary  | Reached skill level 5 in Armour
  3821 | Ossuary  | Reached XP level 8. HP: 36/51 MP: 8/8
  4195 | D:4      | Noticed Pikel
  4203 | D:4      | Noticed Natasha
  4214 | D:4      | Killed Natasha
  4214 | D:4      | Reached *** piety under Trog
  4215 | D:4      | Killed Pikel
  4215 | D:4      | Reached skill level 6 in Fighting
  4215 | D:4      | Reached skill level 5 in Axes
  4960 | D:5      | Entered Level 5 of the Dungeon
  5271 | D:5      | Found an ornate altar of the Wu Jian Council.
  5584 | D:6      | Reached skill level 7 in Fighting
  5584 | D:6      | Reached XP level 9. HP: 56/57 MP: 9/9
  5648 | D:6      | Reached skill level 5 in Dodging
  5708 | D:6      | Found an iron altar of Okawaru.
  5852 | D:6      | Found a burning altar of Makhleb.
  5852 | D:6      | Noticed a green death
  5855 | D:6      | Noticed a hellwing
  5855 | D:6      | Noticed an orange demon
  5921 | D:6      | Found a shattered altar of Ashenzari.
  6270 | D:7      | Reached **** piety under Trog
  6547 | D:7      | Found a staircase to the Ecumenical Temple.
  6561 | Temple   | Entered the Ecumenical Temple
  6913 | D:7      | Reached skill level 8 in Fighting
  7493 | D:8      | Reached XP level 10. HP: 45/64 MP: 10/10
  7606 | D:8      | Received a gift from Trog
  7608 | D:8      | Paralysed by fainting for 5 turns
  7710 | D:8      | Found Boeheq's Antique Weapon Boutique.
  7994 | D:8      | Noticed a death yak
  7994 | D:8      | Noticed a death yak
  7994 | D:8      | Noticed a death yak
  8008 | D:8      | Killed a death yak
  8020 | D:8      | Killed a death yak
  8021 | D:8      | Reached skill level 9 in Fighting
  8026 | D:8      | Mangled by a death yak

Skill      XL: |  1  2  3  4  5  6  7  8  9 10 |
---------------+-------------------------------+-----
Fighting       | 4 5 7 8 9 |  9.0
Axes           | 3 4 5 6 7 |  7.4
Armour         | 3 4 5 6 7 8 |  8.4
Dodging        | 2 3 4 5 6 |  6.4

Action                   |  1- 3 |  4- 6 |  7- 9 | 10-12 || total
-------------------------+-------+-------+-------+-------++-------
Melee: Hand axe          |    38 |     5 |       |       ||    43
       War axe           |       |   239 |   582 |    84 ||   905
Invok: Berserk           |     1 |     1 |     9 |     1 ||    12
       Trog's Hand       |       |       |     2 |       ||     2
       Brothers in Arms  |       |       |       |     1 ||     1
  Use: Scroll            |       |     1 |    14 |       ||    15
       Potion            |       |       |     1 |     1 ||     2
  Eat: Chunk             |       |     7 |    20 |     5 ||    32
       Ration            |       |       |     2 |       ||     2
Armor: Animal skin       |    13 |    19 |       |       ||    32
       Scale mail        |       |   124 |   275 |       ||   399
       Plate armour      |       |       |   117 |    47 ||   164
Dodge: Dodged            |    45 |   177 |   372 |    31 ||   625
